 Dungeon Crawl Stone Soup version 0.28-a0-779-g3d1f99b579 (webtiles) character file.

Game seed: 3713501729851806372

21 Anno the Vexing (level 2, 0/11 HPs)
             Began as a Felid Enchanter on Nov 2, 2021.
             Was a Believer of Uskayaw.
             Slain by an endoplasm (2 damage)
             ... on level 1 of the Dungeon.
             The game lasted 00:08:50 (2775 turns).

Anno the Vexing (Felid Enchanter)                   Turns: 2775, Time: 00:08:51

Health: 0/11       AC:  1    Str:  4    XL:     2   Next: 62%
Magic:  1/6        EV: 17    Int: 16    God:    Uskayaw [**....]
Gold:   32         SH:  0    Dex: 16    Spells: 3/5 levels left
                                        Lives:  0   Deaths: 0

rFire   . . .      SeeInvis +     - Unarmed
rCold   . . .      Faith    .   (shield unavailable)
rNeg    . . .      Spirit   .   (armour unavailable)
rPois   .          Reflect  .   (helmet unavailable)
rElec   .          Harm     .   (cloak unavailable)
rCorr   .          Rampage  .   (gloves unavailable)
Will    .....                   (boots unavailable)
Stlth   +++.......              (no amulet)
HPRegen 0.03/turn               (no ring)
MPRegen 0.10/turn               (no ring)

@: quick
A: very small, claws 1, fangs 3, see invisible, speed 1, shaggy fur 1, stealthy
paws, no weapons or thrown items, no armour, multi-lived
a: Renounce Religion, Stomp, Line Pass


You were on level 1 of the Dungeon.
You worshipped Uskayaw.
Uskayaw was noncommittal.
You visited 1 branch of the dungeon, and saw 1 of its levels.

You collected 52 gold pieces.
You spent 20 gold pieces at shops.

Inventory:

Scrolls
 a - a scroll of magic mapping


   Skills:
 - Level 0.1 Fighting
 - Level 2.6 Dodging
 - Level 4.0 Stealth
 * Level 2.5 Unarmed Combat
 - Level 2.0 Spellcasting
 - Level 4.4 Hexes
 - Level 0.1 Ice Magic
 * Level 0.2 Invocations


You had 3 spell levels left.
You knew the following spells:

 Your Spells              Type           Power      Damage    Failure   Level
a - Ensorcelled Hibernat  Hex/Ice        16%        N/A       12%         2

Your spell library contained the following spells:

 Spells                   Type           Power      Damage    Failure   Level
 Confusing Touch          Hex            15%        N/A       11%         3
 Tukima's Dance           Hex            15%        N/A       11%         3
 Dazzling Flash           Conj/Hex       16%        N/A       26%         3
 Gell's Gravitas          Tloc           1%         N/A       52%         3
 Lesser Beckoning         Tloc           1%         N/A       52%         3
 Teleport Other           Tloc           1%         N/A       52%         3


Dungeon Overview and Level Annotations

Branches:
Dungeon (1/15)

Altars:
Uskayaw

Shops:
D:1 ?


Innate Abilities, Weirdness & Mutations

You have sharp claws.
You have razor-sharp teeth.
You have supernaturally acute eyesight. (SInv)
You cover ground quickly. (Speed+)
You are covered in fur. (AC +1)
Your paws help you pounce on unaware monsters.
You are incapable of wielding weapons or throwing items.
You cannot wear armour.
You gain extra lives every three experience levels.


Message History

Press: ? - help, Shift-Dir - straight line, f - hobgoblin
Aim: a hobgoblin (chance to affect: 57%)
You miscast Ensorcelled Hibernation.
You are very lightly contaminated with residual magic.
Nothing appears to happen.
Unknown command.
You scratch the hobgoblin.
The hobgoblin is lightly wounded.
The hobgoblin misses you.
You scratch the hobgoblin.
The hobgoblin is heavily wounded.
The hobgoblin misses you.
You scratch the hobgoblin.
You kill the hobgoblin!
You scratch the endoplasm but do no damage.
The endoplasm completely misses you.
You scratch the endoplasm.
The endoplasm is almost dead.
The endoplasm freezes you.
You are frozen.
You can now pass through a line of other dancers.
You scratch the endoplasm but do no damage.
The endoplasm is almost dead.
The endoplasm freezes you.
You are frozen.
Your magical contamination has completely faded away.
Okay, then.
Aiming: Line Pass
Press: ? - help, Dir - move target The endoplasm appears confused.
The hobgoblin appears confused.
A goblin comes into view. It is wielding a +0 dagger.
You can no longer pass through a line of other dancers.
The hobgoblin hits you.
* * * LOW HITPOINT WARNING * * *
The endoplasm hits the hobgoblin.
You scratch the hobgoblin.
You kill the hobgoblin!
You can now pass through a line of other dancers.
The endoplasm seems less confused.
The endoplasm hits you.
You die...

..........# #..... #####...#.>#
..# #..... #.......##..#
###..#### #....# ..####..# #..#
#........ #....# ### #..#
#..###........ ###### # #..#
#..##........ ######..#
#.##........ .....#..#
#.##........ ####....#
#.J@g....... ##
##.#.#########>.......
.####.#..................
........#########?.......
^.#..#..##### ##########
..#.##......## #...>..#
..#.######...######......#
.......# ##..............#
#......############......########


You could see an endoplasm and a goblin.

Vanquished Creatures
  2 bats (D:1)
  6 endoplasms (D:1)
  3 hobgoblins (D:1)
  A kobold (D:1)
  3 ball pythons (D:1)
  A goblin (D:1)
16 creatures vanquished.

Notes
Turn   | Place    | Note
-------+----------+-------------------------------------------
     0 | D:1      | Anno the Felid Enchanter began the quest for the Orb.
     0 | D:1      | Reached XP level 1. HP: 7/7 MP: 4/4
   775 | D:1      | Found a faded altar of an unknown god.
  2143 | D:1      | Reached XP level 2. HP: 11/11 MP: 6/6
  2146 | D:1      | Learned a level 2 spell: Ensorcelled Hibernation
  2168 | D:1      | Prayed at the altar of an unknown god.
  2168 | D:1      | Became a worshipper of Uskayaw the Reveller
  2168 | D:1      | Reached * piety under Uskayaw
  2359 | D:1      | Found Vetat's Magic Scroll Shoppe.
  2370 | D:1      | Bought a scroll of identify for 20 gold pieces
  2453 | D:1      | Reached ** piety under Uskayaw
  2775 | D:1      | Slain by an endoplasm

Illustrated notes

Levels and vault maps discovered:
D:1:      dpeg_arrival_circle_labyrinth_c, layout_rooms, serial_shops, shop,
          chequers_ecumenical_altar_island

Skill      XL: |  1 |
---------------+----+-----
Unarmed Combat | 2 |  2.5
Fighting       | |  0.1
Dodging        | |  2.6
Stealth        | |  4.0
Spellcasting   | |  2.0
Hexes          | |  4.4
Ice Magic      | |  0.1
Invocations    | |  0.2

Action                   || total
-------------------------++-------
Melee: Unarmed           ||    50
       Bite              ||     3
 Cast: Ensorcelled Hiber ||     5
Invok: Line Pass         ||     2
  Use: Potion            ||     1
       Scroll            ||     1
 Stab: Invisible         ||     1
       Sleeping          ||     4
Armor: Skin              ||     5
Dodge: Dodged            ||    33

Table legend: (Time is in decaauts)
 A = Elapsed time spent in this place.
 B = Non-inter-level travel time spent in this place.
 C = Inter-level travel time spent in this place.
 D = Time resting spent in this place.
 E = Time spent auto-exploring this place.
 F = Levels seen in this place.
 G = Mean time per level.
                   A        B        C        D        E       F      G
               +--------+--------+--------+--------+--------+-----+--------+
         Total |   2525 |   2454 |     71 |   1123 |    824 |   1 | 2525.0 |
       Dungeon |   2525 |   2454 |     71 |   1123 |    824 |   1 | 2525.0 |
               +--------+--------+--------+--------+--------+-----+--------+

Top non-repeatable levels by time:
     D:1: 2525 daAuts
